 Dungeon Crawl Stone Soup version 0.24-a0-416-g56ce5178b7 (webtiles) character file.

Game seed: 3123773435503230729

72 Defined the Conjurer (level 4, 0/33 HPs)
             Began as a Draconian Conjurer on June 9, 2019.
             Slain by an orc
             ... wielding a +0 flail
              (4 damage)
             ... on level 3 of the Dungeon.
             The game lasted 00:05:27 (1746 turns).

Defined the Conjurer (Draconian Conjurer)           Turns: 1746, Time: 00:05:28

Health: 0/33       AC:  5    Str: 15 (16) XL:     4   Next: 6%
Magic:  4/8        EV: 12    Int: 13 (14) God:
Gold:   124        SH:  0    Dex: 10 (13) Spells: 7/8 levels left

rFire    + . .     SeeInvis .   d - +0 club
rCold    . . .     Gourm    .   (no shield)
rNeg     . . .     Faith    .   (armour unavailable)
rPois    .         Spirit   .   (helmet restricted)
rElec    .         Reflect  .   (no cloak)
rCorr    .         Harm     .   (no gloves)
MR       .....                  (no boots)
Stlth    ++........             (no amulet)
HPRegen  0.11/turn              (no ring)
MPRegen  0.11/turn              (no ring)

@: mighty, slowed, very slow
A: unfitting armour, agile 1, blurry vision 1, dopey 1, fire resistance 1,
cold-blooded, AC +5
a: no special abilities


You were on level 3 of the Dungeon.
You were hungry.

You visited 1 branch of the dungeon, and saw 3 of its levels.

You collected 124 gold pieces.

Inventory:

Hand Weapons
 d - a +0 club (weapon)
Jewellery
 o - an uncursed ring of flight {unknown}
Scrolls
 a - 2 scrolls of amnesia {unknown}
 e - a scroll of magic mapping {unknown}
 f - 3 scrolls of identify {unknown}
 g - 2 scrolls of teleportation {unknown}
 h - a scroll of random uselessness {unknown}
 i - 2 scrolls of remove curse {unknown}
Potions
 j - a potion of mutation
 n - a potion of lignification {unknown}
Comestibles
 b - 6 rations
 c - 4 chunks of flesh


   Skills:
 + Level 2.7 Dodging
 - Level 1.8 Stealth
 + Level 2.8 Spellcasting
 + Level 4.5 Conjurations


You had 7 spell levels left.
You knew the following spells:

 Your Spells              Type           Power        Failure   Level  Hunger
a - Magic Dart            Conj           ##..         3%          1    #......

Your spell library contained the following spells:

 Spells                   Type           Power        Failure   Level  Hunger
 Searing Ray              Conj           ##....       5%          2    ###....
 Dazzling Spray           Conj/Hex       #.....       28%         3    ###....
 Iskenderun's Mystic Bla  Conj           ##......     34%         4    #####..
 Force Lance              Conj/Tloc      #.......     67%         4    #####..
 Fulminant Prism          Conj/Hex       #.........   67%         4    #####..


Dungeon Overview and Level Annotations

Branches:
Dungeon (3/15)

Altars:
Uskayaw


Innate Abilities, Weirdness & Mutations

Your plain brown scales are hard. (AC +5)
You cannot fit into any form of body armour.
You are cold-blooded and may be slowed by cold attacks.
You are agile. (Dex +2)
Scrolls take you a little longer to read.
You are dopey. (Int -2)
Your flesh is heat resistant. (rF+)


Message History

The orc wizard hits you with a +0 dagger. x3
You hit the orc wizard but do no damage.
The orc wizard is moderately wounded.
The orc wizard barely misses you.
The orc wizard hits you with a +0 dagger. x2
You hit the orc wizard.
The orc wizard is heavily wounded.
The orc wizard hits you but does no damage.
The orc wizard casts a spell.
The orc wizard blinks!
The orc barely misses you. The orc closely misses you.
The orc wizard mumbles some strange words.
The orc wizard blinks!
The orc hits you with a +0 flail!
* * * LOW HITPOINT WARNING * * *
The orc hits you with a +0 club.
* * * LOW HITPOINT WARNING * * *
It was a potion of might.
You feel very mighty all of a sudden. The orc barely misses you.
The orc hits you with a +0 flail.
You die...

#... #. ##.. #.. #..
#.# ##. #.# #. #.#
#######. #.#
#.#........
#.#######.#.######.
#o@....ยง..#.# #.
#o###.##....# #. #(#
#.#.....######.
##.###..............
##...##.........#####
#....).........##
##...##.#.....##
##.###.##...## ###
#.###.##


You could see 2 orcs.

Vanquished Creatures
  3 adders (D:3)
  2 dart slugs
  2 leopard geckos (D:1)
  An orc (D:3)
  3 giant cockroaches (D:1)
  2 goblins
  4 hobgoblins
  9 bats
  5 frilled lizards
  2 kobolds
  6 rats
39 creatures vanquished.

Notes
Turn   | Place    | Note
-------+----------+-------------------------------------------
     0 | D:1      | Defined the Draconian Conjurer began the quest for the Orb.
     0 | D:1      | Reached XP level 1. HP: 14/14 MP: 3/3
   370 | D:1      | Reached XP level 2. HP: 19/20 MP: 0/5
  1099 | D:2      | Reached XP level 3. HP: 26/26 MP: 6/6
  1428 | D:2      | Found a hide-covered altar of Uskayaw.
  1649 | D:3      | Reached XP level 4. HP: 25/33 MP: 2/8
  1734 | D:3      | Gained mutation: You are dopey. (Int -2) [potion of
                  | mutation]
  1734 | D:3      | Gained mutation: Scrolls take you a little longer to read.
                  | [potion of mutation]
  1734 | D:3      | Gained mutation: Your flesh is heat resistant. (rF+)
                  | [potion of mutation]
  1734 | D:3      | Gained mutation: You are agile. (Dex +2) [potion of
                  | mutation]
  1746 | D:3      | Slain by an orc

Levels and vault maps discovered:
D:1:      psy_arrival_dodecagon, layout_loops_ring
D:2:      layout_basic, marbit_many_paths
D:3:      layout_loops_ring

Skill      XL: |  1 |
---------------+----+-----
Dodging        | 2 |  2.7
Stealth        | |  1.8
Spellcasting   | |  2.8
Conjurations   | |  4.5

Action                   |  1- 3 |  4- 6 || total
-------------------------+-------+-------++-------
Melee: Club              |    56 |    11 ||    67
       Unarmed           |     4 |       ||     4
       Tailslap          |     3 |     1 ||     4
 Cast: Magic Dart        |    62 |     8 ||    70
  Use: Potion            |       |     4 ||     4
 Stab: Sleeping          |     1 |       ||     1
  Eat: Chunk             |     3 |       ||     3
Armor: Skin              |    28 |     5 ||    33
Dodge: Dodged            |    65 |    15 ||    80

Table legend:
 A = Non-vault XP
 B = Vault XP
 C = Vault XP percentage of total XP
 D = Non-vault monster count
 E = Vault monster count
 F = Vault count percentage of total count
                 A         B        C        D         E       F
            +---------+---------+-------+---------+---------+-------
      Total |     101 |       2 |   1.9 |      38 |       1 |   2.6
            +---------+---------+-------+---------+---------+-------
        D:1 |      39 |       0 |   0.0 |      21 |       0 |   0.0
        D:2 |      15 |       2 |  11.8 |      10 |       1 |   9.1
        D:3 |      47 |       0 |   0.0 |       7 |       0 |   0.0
            +---------+---------+-------+---------+---------+-------
